[Event "Titled Tuesday Blitz January 10 Early 2023"]
[White "Novikov, Evgenij"]
[Black "Alfaro, William"]
[WhiteFideId "4125380"]
[BlackFideId "6100457"]
[WhiteElo "2276"]
[BlackElo "2134"]
[Result "1/2-1/2"]
[Round "07"]
[TimeControl "180+2"]
[Date "2023.01.10"]
[WhiteClock "0:00:07"]
[BlackClock "0:00:30"]

1. c4 Nf6 2. b3 g6 3. Bb2 Bg7 4. d3 O-O 5. Nd2 d5 6. Ngf3 c5 7. cxd5 Qxd5 8. g3 Nc6 9. Bg2 Qd6 10. O-O b6 11. Nc4 Qc7 12. d4 Rd8 13. e3 Bg4 14. h3 Bf5 15. Nfe5 Nxe5 16. Nxe5 Rac8 17. Rc1 Ne4 18. g4 Bxe5 19. gxf5 Ng5 20. Qg4 Bf6 21. fxg6 hxg6 22. Ba3 Qd6 23. dxc5 bxc5 24. Rfd1 Qe6 25. Rxd8+ Rxd8 26. Bxc5 Rd2 27. Bxa7 Rxa2 28. Qxe6 Nxe6 29. Bd5 Rxa7 30. b4 Nc7 31. Bc6 Ra1 32. Rxa1 Bxa1 33. b5 Be5 34. b6 Na6 35. f4 Bd6 36. Kf2 Nb4 37. Be4 Kg7 38. Kf3 e5 39. f5 gxf5 40. Bxf5 Nd5 41. b7 Ne7 42. Bc8 f5 43. e4 f4 44. Kg4 Kg6 45. h4 Bb8 46. Be6 Kf6 47. Bc4 Nc6 48. h5 Nd4 49. Bf1 Ne6 50. Bc4 Nc5 51. Bd5 Bc7 52. Kh4 Kg7 53. Kg5 f3 54. h6+ Kh7 55. Bc4 Nxe4+ 56. Kg4 Nd6 57. Bd3+ e4 58. Bxe4+ Nxe4 59. Kxf3 Nd6 60. Ke3 Nxb7 61. Kd4 Kxh6 62. Kd5 Kg6 63. Kc6 Bf4 64. Kxb7 1/2-1/2


[Site "https://www.chess.com"]

[Event "Titled Tuesday Blitz January 10 Early 2023"]
[White "Jenkins, Drake"]
[Black "Manukian, Artak"]
[WhiteFideId "2022397"]
[BlackFideId "13301373"]
[WhiteElo "2130"]
[BlackElo "2196"]
[Result "1/2-1/2"]
[Round "07"]
[TimeControl "180+2"]
[Date "2023.01.10"]
[WhiteClock "0:00:02"]
[BlackClock "0:00:12"]

1. Nf3 g6 2. c4 Bg7 3. g3 c5 4. Bg2 Nc6 5. O-O e5 6. Nc3 d6 7. a3 h5 8. h3 f5 9. d3 h4 10. Bg5 Bf6 11. gxh4 Nd4 12. e3 Ne6 13. Nd5 Bxg5 14. hxg5 Kf7 15. h4 Ne7 16. Nf6 a5 17. b4 axb4 18. axb4 Rxa1 19. Qxa1 cxb4 20. Rb1 Nc6 21. d4 e4 22. d5 exf3 23. dxe6+ Bxe6 24. Bxf3 Qa8 25. Qxa8 Rxa8 26. Bxc6 bxc6 27. Rxb4 Ra7 28. Rb8 Bxc4 29. Rh8 Ra4 30. Rh7+ Ke6 31. Rh6 f4 32. Rxg6 fxe3 33. fxe3 Kf5 34. Rh6 c5 35. Nd7 Kg4 36. Kf2 Ra2+ 37. Ke1 Re2+ 38. Kd1 Rxe3 39. Rxd6 Rd3+ 40. Rxd3 Bxd3 41. Nxc5 Bg6 42. Nd7 Kxh4 43. Ne5 Kxg5 1/2-1/2


[Site "https://www.chess.com"]

[Event "Titled Tuesday Blitz January 10 Early 2023"]
[White "Degenbaev, Aziz"]
[Black "Sala, Giulia"]
[WhiteFideId "13802640"]
[BlackFideId "2840451"]
[WhiteElo "2203"]
[BlackElo "1998"]
[Result "1-0"]
[Round "07"]
[TimeControl "180+2"]
[Date "2023.01.10"]
[WhiteClock "0:02:11"]
[BlackClock "0:02:06"]

1. e4 c6 2. d4 d5 3. e5 e6 4. a3 c5 5. dxc5 Bxc5 6. b4 Bb6 7. Qg4 Kf8 8. Bd3 Qc7 9. Nf3 f6 10. Bb2 Nd7 11. exf6 Ndxf6 12. Qh4 Nh6 13. Bxf6 Bxf2+ 14. Kxf2 gxf6 15. Qxh6+ 1-0


[Site "https://www.chess.com"]

[Event "Titled Tuesday Blitz January 10 Early 2023"]
[White "Cepo, Toni"]
[Black "Kirillov, Dmitry"]
[WhiteFideId "4675916"]
[BlackFideId "34180572"]
[WhiteElo "2145"]
[BlackElo "2179"]
[Result "1-0"]
[Round "07"]
[TimeControl "180+2"]
[Date "2023.01.10"]
[WhiteClock "0:00:26"]
[BlackClock "0:00:13"]

1. e4 c6 2. d4 d5 3. exd5 cxd5 4. c3 Nc6 5. Bf4 Nf6 6. Nf3 g6 7. Nbd2 Bg7 8. Bb5 O-O 9. O-O Bf5 10. Nh4 Bd7 11. Nhf3 Ne4 12. Bxc6 bxc6 13. Nxe4 dxe4 14. Ne5 f6 15. Qb3+ e6 16. Nc4 Kh8 17. Rfe1 Qe7 18. Bd6 Qf7 19. Bxf8 Rxf8 20. Rxe4 Qe7 21. Rae1 c5 22. d5 e5 23. Qb7 f5 24. R4e2 e4 25. Qxa7 Qf7 26. Nb6 Bb5 27. Qxf7 Rxf7 28. c4 Be8 29. a4 Ra7 30. b3 Bc3 31. Rc1 Bd4 32. Nc8 Ra8 33. Nd6 Bd7 34. Nb5 Be5 35. f3 Bf4 36. Rce1 Bxb5 37. a5 Bd7 38. fxe4 Be5 39. exf5 Bd4+ 40. Kh1 Bxf5 41. Re8+ Rxe8 42. Rxe8+ Kg7 43. a6 Bc8 44. Rxc8 1-0


[Site "https://www.chess.com"]

[Event "Titled Tuesday Blitz January 10 Early 2023"]
[White "Lesbekova, Assel"]
[Black "Shubenkova, Veronika"]
[WhiteFideId "13713248"]
[BlackFideId "44124040"]
[WhiteElo "1772"]
[BlackElo "1960"]
[Result "1-0"]
[Round "07"]
[TimeControl "180+2"]
[Date "2023.01.10"]
[WhiteClock "0:00:54"]
[BlackClock "0:02:27"]

1. e4 c6 2. d4 d5 3. Nd2 dxe4 4. Nxe4 Bf5 5. Ng3 Bg6 6. h4 h6 7. Nh3 Nf6 8. Nf4 Bh7 9. c3 e6 10. Qb3 Qc7 11. Ngh5 Nd5 12. Nxd5 exd5 13. Bf4 Qe7+ 14. Kd2 Bf5 15. Re1 Be6 16. Be5 Rg8 17. Bd3 f6 18. Bxf6 gxf6 19. Rxe6 Qxe6 20. Re1 Qxe1+ 21. Kxe1 Rxg2 22. Qxb7 1-0


[Site "https://www.chess.com"]

[Event "Titled Tuesday Blitz January 10 Early 2023"]
[White "Mitrovic, Darko R"]
[Black "Tarasova, Viktoriya"]
[WhiteFideId "927023"]
[BlackFideId "4175840"]
[WhiteElo "2220"]
[BlackElo "2226"]
[Result "0-1"]
[Round "07"]
[TimeControl "180+2"]
[Date "2023.01.10"]
[WhiteClock "0:00:03"]
[BlackClock "0:00:53"]

1. d4 Nf6 2. Nf3 e6 3. g3 c5 4. Bg2 cxd4 5. O-O d5 6. Nxd4 e5 7. Nf3 Nc6 8. c4 d4 9. Bg5 Be7 10. Nbd2 O-O 11. Rc1 h6 12. Bxf6 Bxf6 13. Ne4 Be7 14. h4 f5 15. Ned2 e4 16. Ne1 Qc7 17. c5 Be6 18. Nc4 Rad8 19. a3 Bf6 20. b4 a6 21. Nb6 Ne5 22. Qa4 d3 23. exd3 exd3 24. Nf3 Nxf3+ 25. Bxf3 f4 26. Kg2 d2 27. Rcd1 Be5 28. Qc2 fxg3 29. fxg3 Bxg3 30. Rxd2 Rxd2+ 31. Qxd2 Bxh4 32. Qe2 Qg3+ 33. Kh1 Bh3 34. Bd5+ 0-1


[Site "https://www.chess.com"]

[Event "Titled Tuesday Blitz January 10 Early 2023"]
[White "Ilkhomi, Jaloliddin"]
[Black "Ruge, Edison"]
[WhiteFideId "14700948"]
[BlackFideId "4401000"]
[WhiteElo "1997"]
[BlackElo "2201"]
[Result "1-0"]
[Round "07"]
[TimeControl "180+2"]
[Date "2023.01.10"]
[WhiteClock "0:00:13"]
[BlackClock "0:00:01"]

1. Nf3 d6 2. g3 Nf6 3. Bg2 g6 4. d4 Bg7 5. b3 O-O 6. Bb2 c6 7. O-O Bf5 8. Nbd2 d5 9. Re1 Re8 10. Ne5 Ne4 11. Nxe4 Bxe4 12. f3 Bf5 13. e4 dxe4 14. fxe4 Be6 15. Nf3 Bg4 16. Qd3 c5 17. c3 cxd4 18. cxd4 Nc6 19. Rad1 Qb6 20. Kh1 Rad8 21. Rf1 Bxf3 22. Qxf3 Rf8 23. e5 Nxd4 24. Bxd4 Rxd4 25. Rxd4 Qxd4 26. Qxb7 Bxe5 27. Qxe7 h5 28. Re1 Bd6 29. Qg5 h4 30. Bd5 Kg7 31. gxh4 Bf4 32. Qg2 Rh8 33. Qe4 Qf2 34. Qe2 Qxh4 35. Rf1 Qxh2+ 36. Qxh2 Rxh2+ 37. Kg1 Rh4 38. Re1 g5 39. Re7 Kg6 40. Rxf7 Rh2 41. Rxa7 Rd2 42. Be4+ Kh5 43. Bf5 Kh4 44. Rh7+ Kg3 45. Rh3# 1-0


[Site "https://www.chess.com"]

[Event "Titled Tuesday Blitz January 10 Early 2023"]
[White "Vlassov, Nikolai"]
[Black "Chos, Alexey"]
[WhiteFideId "4103360"]
[BlackFideId "14117762"]
[WhiteElo "2283"]
[BlackElo "2296"]
[Result "1-0"]
[Round "07"]
[TimeControl "180+2"]
[Date "2023.01.10"]
[WhiteClock "0:00:17"]
[BlackClock "0:00:02"]

1. e4 c5 2. c3 Nf6 3. e5 Nd5 4. d4 cxd4 5. cxd4 Nc6 6. Nc3 Nxc3 7. bxc3 d5 8. Bd3 g6 9. f4 Bg7 10. Nf3 O-O 11. O-O Bg4 12. h3 Bxf3 13. Qxf3 e6 14. Bd2 f6 15. exf6 Bxf6 16. Rae1 Qd7 17. Qg4 Rae8 18. f5 e5 19. fxg6 Qxg4 20. gxh7+ Kg7 21. hxg4 e4 22. Bb5 Kxh7 23. Rf5 a6 24. Ba4 b5 25. Bb3 Ne7 26. Rh5+ Kg6 27. Bxd5 Nxd5 28. Rxd5 Bh4 29. Re2 e3 30. Be1 Bf2+ 31. Kf1 Bg3+ 32. Rf5 Rh8 33. Rh5 Rhf8+ 34. Kg1 Bf2+ 35. Kh2 Rf4 36. Kh3 Ree4 37. Re5 Rf8 38. g3 Rxe5 39. dxe5 Kg5 40. Kg2 Kxg4 41. Bxf2 exf2 42. Rxf2 Rc8 43. Rf4+ Kg5 44. Rf3 Rc5 45. Re3 Rc7 46. e6 Re7 47. Kf3 Kf6 48. g4 a5 49. Kf4 b4 50. g5+ Kg6 51. cxb4 axb4 52. Ke5 Kxg5 53. Kd6 Rxe6+ 54. Rxe6 b3 55. axb3 1-0


[Site "https://www.chess.com"]

[Event "Titled Tuesday Blitz January 10 Early 2023"]
[White "Liu, Casper"]
[Black "Leiva, Gianmarco"]
[WhiteFideId "1454153"]
[BlackFideId "3804399"]
[WhiteElo "2278"]
[BlackElo "2392"]
[Result "0-1"]
[Round "07"]
[TimeControl "180+2"]
[Date "2023.01.10"]
[WhiteClock "0:01:30"]
[BlackClock "0:01:38"]

1. e4 c5 2. Nc3 Nc6 3. Nge2 e5 4. g3 h5 5. Bg2 h4 6. O-O d6 7. d3 Be7 8. Nd5 Nd4 9. f4 Bg4 10. Rf2 Nf6 11. Bf1 Nxd5 12. exd5 hxg3 13. hxg3 Nf3+ 14. Rxf3 Bxf3 15. Bg2 Bxg2 16. Kxg2 Qd7 17. Ng1 Bf6 18. Qe1 O-O-O 19. b4 exf4 20. Rb1 fxg3 21. bxc5 Rh2+ 22. Kxg3 Be5+ 23. Kf3 Qf5+ 24. Ke3 Qf4# 0-1


[Site "https://www.chess.com"]

[Event "Titled Tuesday Blitz January 10 Early 2023"]
[White "Osmak, Yuliia"]
[Black "Degtiarev, Evgeny"]
[WhiteFideId "14101602"]
[BlackFideId "4149610"]
[WhiteElo "2440"]
[BlackElo "2385"]
[Result "1-0"]
[Round "07"]
[TimeControl "180+2"]
[Date "2023.01.10"]
[WhiteClock "0:00:01"]
[BlackClock "0:00:01"]

1. e4 e5 2. Nf3 Nc6 3. Nc3 Nf6 4. Bb5 Nd4 5. Bc4 Nxf3+ 6. Qxf3 c6 7. d3 h6 8. O-O d6 9. Qe2 g5 10. Be3 Be6 11. Bxe6 fxe6 12. Rad1 c5 13. a3 a6 14. b4 Qc7 15. bxc5 dxc5 16. a4 Bd6 17. Nb1 b5 18. Nd2 O-O 19. Ra1 Kg7 20. Rfb1 b4 21. Nc4 Be7 22. a5 Rab8 23. Bc1 Rb5 24. Bb2 Nd7 25. Qg4 Kf7 26. Qh3 Rh8 27. Rf1 Bf6 28. Qh5+ Kg7 29. h3 Nf8 30. g3 Ng6 31. Kh1 b3 32. cxb3 Rxb3 33. Rad1 Rd8 34. f4 Rdxd3 35. fxg5 hxg5 36. Rxf6 Kxf6 37. Rf1+ Kg7 38. Nxe5 Qxe5 39. Bxe5+ Nxe5 40. Qxg5+ Ng6 41. Qf6+ Kh6 42. Rg1 Rxg3 43. Rxg3 Rxg3 44. Kh2 Rg5 45. Qxe6 Re5 46. Qc4 Kg5 47. Qxa6 Rxe4 48. Qc6 Re5 49. a6 1-0


[Site "https://www.chess.com"]

[Event "Titled Tuesday Blitz January 10 Early 2023"]
[White "Ovezdurdyyeva, Jemal"]
[Black "Arngrimsson, Dagur"]
[WhiteFideId "14001888"]
[BlackFideId "2301288"]
[WhiteElo "2078"]
[BlackElo "2370"]
[Result "0-1"]
[Round "07"]
[TimeControl "180+2"]
[Date "2023.01.10"]
[WhiteClock "0:01:14"]
[BlackClock "0:01:13"]

1. e4 c5 2. Nf3 d6 3. d4 cxd4 4. Nxd4 Nf6 5. Nc3 g6 6. Be2 Bg7 7. O-O O-O 8. Be3 Nc6 9. Kh1 Bd7 10. f4 Rc8 11. e5 dxe5 12. Nxc6 Bxc6 13. fxe5 Ne4 14. Bd4 Qa5 15. Nxe4 Bxe4 16. c3 Bxe5 17. Bxe5 Qxe5 18. Bf3 Bxf3 19. Qxf3 Rc6 20. Rae1 Qc5 21. Qg3 Rd8 22. h3 Kg7 23. Qh4 Rf6 24. Rxf6 exf6 25. Rf1 Qe5 26. Qf2 b6 27. Rd1 Rxd1+ 0-1


[Site "https://www.chess.com"]

[Event "Titled Tuesday Blitz January 10 Early 2023"]
[White "Hirneise, Jens"]
[Black "Doluhanova, Evgeniya"]
[WhiteFideId "24614734"]
[BlackFideId "14112035"]
[WhiteElo "2277"]
[BlackElo "2275"]
[Result "1-0"]
[Round "07"]
[TimeControl "180+2"]
[Date "2023.01.10"]
[WhiteClock "0:00:36"]
[BlackClock "0:00:05"]

1. d4 Nf6 2. Bg5 e6 3. Nd2 c5 4. e3 cxd4 5. exd4 h6 6. Bxf6 Qxf6 7. Ngf3 Nc6 8. Ne4 Qd8 9. c3 d6 10. Bd3 Be7 11. O-O O-O 12. Re1 Bd7 13. Ng3 f5 14. d5 exd5 15. Bxf5 Be8 16. Qxd5+ Bf7 17. Be6 Bxe6 18. Rxe6 Kh8 19. Rae1 Bf6 20. Nh5 Ne5 21. Nxf6 gxf6 22. Nh4 Rg8 23. f4 Qb6+ 24. Qd4 Nd3 25. Rd1 Qxd4+ 26. cxd4 Nxb2 27. Rb1 Nd3 28. Rxf6 Rae8 29. Nf5 1-0


[Site "https://www.chess.com"]

[Event "Titled Tuesday Blitz January 10 Early 2023"]
[White "Fernandez Siles, Luis"]
[Black "Karttunen, Mika"]
[WhiteFideId "2209420"]
[BlackFideId "502081"]
[WhiteElo "2218"]
[BlackElo "2490"]
[Result "0-1"]
[Round "07"]
[TimeControl "180+2"]
[Date "2023.01.10"]
[WhiteClock "0:00:11"]
[BlackClock "0:00:11"]

1. d4 Nf6 2. c4 g6 3. Nc3 Bg7 4. e4 d6 5. Nf3 O-O 6. Be2 e5 7. O-O Nc6 8. d5 Ne7 9. b4 a5 10. Ba3 Nd7 11. bxa5 f5 12. Ng5 Nf6 13. c5 fxe4 14. cxd6 cxd6 15. Ngxe4 Ne8 16. Bb4 Bf5 17. Bf3 h5 18. Nb5 Ra6 19. Rc1 Qd7 20. a4 Bh6 21. Rc4 Kh7 22. h4 Bg4 23. Bxg4 hxg4 24. Qd3 Kg7 25. Ng3 Rf4 26. h5 Rxc4 27. Qxc4 Nf6 28. hxg6 Kxg6 29. Nc3 Ra8 30. Qb5 Rb8 31. Qxd7 Nxd7 32. Bxd6 Re8 33. Rb1 Nc8 34. Bc5 Nxc5 35. Rb5 Bf8 36. Nce4 Nxe4 37. Nxe4 Nd6 38. Nxd6 Bxd6 39. Rb6 Rd8 40. Rxb7 e4 41. a6 Kf5 42. a7 Ra8 43. a5 Ke5 44. Rg7 Kxd5 45. Rxg4 Rxa7 46. f3 e3 47. Re4 Bc5 48. Kh2 Rxa5 49. g4 Ra2+ 50. Kg3 e2 51. g5 Bb4 52. g6 e1=Q+ 53. Rxe1 Bxe1+ 54. Kf4 Bc3 55. Ke3 Bg7 56. f4 Ke6 57. f5+ Kxf5 0-1


[Site "https://www.chess.com"]

[Event "Titled Tuesday Blitz January 10 Early 2023"]
[White "Gressmann, Moritz"]
[Black "Ezat, Mohamed"]
[WhiteFideId "24695084"]
[BlackFideId "10600906"]
[WhiteElo "2129"]
[BlackElo "2402"]
[Result "0-1"]
[Round "07"]
[TimeControl "180+2"]
[Date "2023.01.10"]
[WhiteClock "0:00:02"]
[BlackClock "0:00:51"]

1. e4 c6 2. c4 d5 3. cxd5 cxd5 4. exd5 Nf6 5. Nc3 Nxd5 6. Bc4 Nb6 7. Bb3 Nc6 8. Qf3 e6 9. Nge2 Be7 10. O-O O-O 11. d4 Nxd4 12. Nxd4 Qxd4 13. Be3 Qf6 14. Qg3 Qg6 15. Qf3 Bf6 16. Nb5 Nd5 17. Bxd5 exd5 18. Nc7 Bg4 19. Qxd5 Rac8 20. Qxb7 Rb8 21. Qd5 Rfd8 22. Qc6 Kh8 23. Bxa7 Rxb2 24. Nd5 Bf3 25. Nf4 Bxc6 26. Nxg6+ hxg6 27. Rac1 Bb5 28. Bb6 Rb8 29. Bc7 Bxf1 30. Bxb8 Bc4 31. g3 Bxa2 32. Rc8+ Kh7 33. Kg2 Bd5+ 34. Kh3 Be6+ 0-1


[Site "https://www.chess.com"]

[Event "Titled Tuesday Blitz January 10 Early 2023"]
[White "Kuzmin, Roman"]
[Black "Gatterer, Florian"]
[WhiteFideId "44134932"]
[BlackFideId "811688"]
[WhiteElo "2198"]
[BlackElo "2170"]
[Result "1/2-1/2"]
[Round "07"]
[TimeControl "180+2"]
[Date "2023.01.10"]
[WhiteClock "0:01:10"]
[BlackClock "0:00:22"]

1. e4 c5 2. Nf3 e6 3. d4 cxd4 4. Nxd4 Nf6 5. Nc3 Nc6 6. Nxc6 bxc6 7. Bd3 d5 8. Qe2 Be7 9. O-O O-O 10. b3 a5 11. Bb2 d4 12. Na4 e5 13. Rac1 c5 14. Ba3 Bg4 15. f3 Bd7 16. Bxc5 Bxa4 17. Bxe7 Qxe7 18. bxa4 Rac8 19. Bc4 Qc5 20. Bb3 Rfd8 21. Kh1 d3 22. Qf2 Qxf2 23. Rxf2 dxc2 24. Rfxc2 Rxc2 25. Bxc2 Rc8 26. Rd1 Kf8 27. Bb3 Ke7 28. Kg1 g5 29. Kf2 h5 30. Ke3 Rc3+ 31. Kd2 Rc7 32. Ke2 h4 33. g3 hxg3 34. hxg3 g4 35. Rh1 gxf3+ 36. Kxf3 Rc3+ 37. Kg2 Nxe4 1/2-1/2


[Site "https://www.chess.com"]

[Event "Titled Tuesday Blitz January 10 Early 2023"]
[White "Vasques, Antonio Pedro Freixial"]
[Black "Becerra, Juan David"]
[WhiteFideId "1908332"]
[BlackFideId "4404998"]
[WhiteElo "2214"]
[BlackElo "2382"]
[Result "1-0"]
[Round "07"]
[TimeControl "180+2"]
[Date "2023.01.10"]
[WhiteClock "0:00:18"]
[BlackClock "0:00:04"]

1. Nf3 d5 2. g3 Bg4 3. Bg2 Nd7 4. O-O c6 5. c4 Bxf3 6. Bxf3 Ne5 7. cxd5 Nxf3+ 8. exf3 Qxd5 9. Nc3 Qd7 10. d4 Nf6 11. Qb3 e6 12. Bg5 Nd5 13. Rac1 h6 14. Nxd5 hxg5 15. Ne3 Bd6 16. Nc4 O-O-O 17. Rfd1 Kb8 18. Na5 Ka8 19. a4 Rh3 20. Qe3 Rdh8 21. Qxg5 Rxh2 22. Kf1 f6 23. Qe3 Qc7 24. Qxe6 Bxg3 25. Nxc6 Rxf2+ 26. Kg1 bxc6 27. Rxc6 Qf4 28. Rc8+ Rxc8 29. Qxc8+ Qb8 30. Qc6+ Qb7 31. Qe8+ Bb8 32. Kxf2 Qxb2+ 33. Qe2 Qc3 34. Rd3 Qc4 35. Qe4+ 1-0


[Site "https://www.chess.com"]

[Event "Titled Tuesday Blitz January 10 Early 2023"]
[White "Tania, Sachdev"]
[Black "Marn, Jan"]
[WhiteFideId "5007844"]
[BlackFideId "14619245"]
[WhiteElo "2389"]
[BlackElo "2345"]
[Result "0-1"]
[Round "07"]
[TimeControl "180+2"]
[Date "2023.01.10"]
[WhiteClock "0:01:05"]
[BlackClock "0:00:31"]

1. d4 d5 2. c4 e6 3. Nf3 Nf6 4. Nc3 c5 5. cxd5 exd5 6. Bg5 Nc6 7. e3 Be6 8. Bb5 h6 9. Bh4 g5 10. Bg3 Ne4 11. O-O Nxg3 12. fxg3 Bg7 13. dxc5 O-O 14. Nd4 Qe7 15. Bxc6 bxc6 16. b4 Bd7 17. Rc1 Qxe3+ 18. Kh1 Qxd4 19. Qf3 Qxb4 20. h3 Rae8 21. Qd3 Qd4 22. Qa6 Re3 23. Ne2 Qe4 24. Rf2 Bc8 0-1


[Site "https://www.chess.com"]

[Event "Titled Tuesday Blitz January 10 Early 2023"]
[White "Kaplan, Avi Harrison"]
[Black "Fathy, Elameir"]
[WhiteFideId "30934559"]
[BlackFideId "10600396"]
[WhiteElo "2146"]
[BlackElo "2300"]
[Result "0-1"]
[Round "07"]
[TimeControl "180+2"]
[Date "2023.01.10"]
[WhiteClock "0:00:02"]
[BlackClock "0:00:06"]

1. b3 d5 2. Bb2 Bf5 3. Nf3 e6 4. g3 c6 5. Bg2 h6 6. O-O Nf6 7. d3 Be7 8. Nbd2 O-O 9. Re1 a5 10. e4 Bh7 11. Qe2 a4 12. exd5 cxd5 13. Ne5 Nbd7 14. f4 Qc7 15. c4 a3 16. Bc3 Rfd8 17. Kh1 Nc5 18. b4 Na4 19. Nxf7 Nxc3 20. Qxe6 Kf8 21. Ne5 Bxb4 22. Ndf3 Re8 23. Qh3 Qc8 24. Qh4 Kg8 25. Bh3 Qd8 26. Nd4 dxc4 27. Be6+ Rxe6 28. Nxe6 Qd5+ 29. Kg1 Qxe6 30. Nxc4 Bc5+ 31. Kg2 Qc6+ 32. Kh3 Qd7+ 33. Kg2 Qxd3 34. Ne5 Qd2+ 35. Kh3 Nce4 36. Rec1 Nf2+ 37. Kg2 Nd3+ 38. Kh3 Nxc1 39. Rb1 Bxb1 40. Ng4 Bf5 0-1


[Site "https://www.chess.com"]

[Event "Titled Tuesday Blitz January 10 Early 2023"]
[White "Perez Rodriguez, Jennifer"]
[Black "Reprintsev, Alexander"]
[WhiteFideId "3507831"]
[BlackFideId "14100541"]
[WhiteElo "2242"]
[BlackElo "2253"]
[Result "1-0"]
[Round "07"]
[TimeControl "180+2"]
[Date "2023.01.10"]
[WhiteClock "0:00:16"]
[BlackClock "0:00:47"]

1. e4 d5 2. exd5 Qxd5 3. Nf3 Bg4 4. Be2 Nc6 5. d4 O-O-O 6. c4 Qf5 7. Be3 Bxf3 8. Bxf3 Nxd4 9. Bxd4 Qe6+ 10. Be2 c5 11. Nc3 cxd4 12. Nd5 Nf6 13. O-O Nxd5 14. cxd5 Qxd5 15. Bf3 Qb5 16. Rc1+ Kb8 17. Qc2 Qb6 18. Rfd1 e5 19. Qf5 f6 20. Rd3 g6 21. Qe4 f5 22. Qxe5+ Bd6 23. Qg7 Rdg8 24. Qf7 Rf8 25. Qd5 Rc8 26. Rcd1 Rc5 27. Qxd4 Rd8 28. Qg7 Rc7 29. Qh6 Rcd7 30. g3 Qc7 31. Rc3 Qb6 32. Rb3 Bb4 33. Qf4+ Bd6 34. Qc4 Qc7 35. Rxb7+ Qxb7 36. Bxb7 Rxb7 37. Qc6 Rb6 38. Qc4 Rd7 39. a3 a6 40. b4 Ka7 41. Qe6 1-0


[Site "https://www.chess.com"]

[Event "Titled Tuesday Blitz January 10 Early 2023"]
[White "Petrova, Irina"]
[Black "Carbone, Diego"]
[WhiteFideId "14124122"]
[BlackFideId "3002179"]
[WhiteElo "2108"]
[BlackElo "2336"]
[Result "0-1"]
[Round "07"]
[TimeControl "180+2"]
[Date "2023.01.10"]
[WhiteClock "0:01:29"]
[BlackClock "0:01:42"]

1. e4 c5 2. Nf3 e6 3. c4 Nc6 4. Nc3 a6 5. Be2 Qc7 6. O-O Nf6 7. d4 cxd4 8. Nxd4 Bb4 9. f3 Nxd4 10. Be3 Nxe2+ 11. Qxe2 Bc5 12. Rad1 O-O 13. Kh1 d6 14. Bf4 h6 15. e5 dxe5 16. Bxe5 Qe7 17. Bxf6 Qxf6 18. Ne4 Qe7 19. a3 a5 20. Nc3 b6 21. Rd2 Bb7 22. Rfd1 Rad8 23. Ne4 Bxe4 24. Qxe4 Rxd2 25. Rxd2 Rd8 26. Rd3 Rxd3 27. Qxd3 Qd6 28. Qe2 Qd4 0-1


[Site "https://www.chess.com"]

[Event "Titled Tuesday Blitz January 10 Early 2023"]
[White "Bas Mas, Jose Joaquin"]
[Black "Valle Maytin, Luis Enrique"]
[WhiteFideId "22219064"]
[BlackFideId "3503666"]
[WhiteElo "2197"]
[BlackElo "2241"]
[Result "1-0"]
[Round "07"]
[TimeControl "180+2"]
[Date "2023.01.10"]
[WhiteClock "0:00:12"]
[BlackClock "0:00:03"]

1. e4 c6 2. d4 d5 3. exd5 cxd5 4. c4 Nf6 5. Nc3 Nc6 6. Bg5 Be6 7. c5 g6 8. Bb5 Bg7 9. Nge2 O-O 10. O-O Ne4 11. Be3 a6 12. Ba4 Bf5 13. Bb3 Nxc3 14. Nxc3 Be6 15. Na4 Qc7 16. Re1 Rad8 17. Rc1 Na5 18. Nb6 Nxb3 19. Qxb3 Qc6 20. a4 f6 21. Qc3 Bf7 22. b4 e5 23. Qb3 Rfe8 24. b5 axb5 25. axb5 Qc7 26. Qb4 f5 27. dxe5 Bxe5 28. g3 d4 29. Bg5 Rb8 30. Nc4 Bxc4 31. Qxc4+ Qf7 32. c6 bxc6 33. bxc6 Rbc8 34. Qb5 Bc7 35. Rxe8+ Rxe8 36. Rd1 Be5 37. Re1 Bc7 38. Rxe8+ Qxe8 39. Qd5+ Kg7 40. Qxd4+ Kg8 41. Qd5+ Qf7 42. Qd7 Be5 43. Bd8 Qc4 44. Qe8+ Kg7 45. Qxe5+ Kh6 46. Qf4+ 1-0


[Site "https://www.chess.com"]

[Event "Titled Tuesday Blitz January 10 Early 2023"]
[White "Avazkhonov, Alikhon"]
[Black "Zaichenko, Daria"]
[WhiteFideId "14208504"]
[BlackFideId "4197453"]
[WhiteElo "1538"]
[BlackElo "2104"]
[Result "0-1"]
[Round "07"]
[TimeControl "180+2"]
[Date "2023.01.10"]
[WhiteClock "0:00:03"]
[BlackClock "0:00:56"]

1. d4 d5 2. c4 e6 3. Nc3 Be7 4. Nf3 Nf6 5. cxd5 exd5 6. Bg5 c6 7. Qc2 O-O 8. e3 Ne4 9. Bf4 f5 10. Bd3 Nd7 11. h4 Ndf6 12. h5 Ng4 13. O-O Qe8 14. h6 g5 15. Be5 Qh5 16. b4 Bd7 17. b5 Rac8 18. b6 axb6 19. Na4 c5 20. Nxb6 Rc6 21. Nxd7 Rxh6 0-1


[Site "https://www.chess.com"]

[Event "Titled Tuesday Blitz January 10 Early 2023"]
[White "Broca Jimenez, Fernando"]
[Black "Chernomordik, Pavel"]
[WhiteFideId "5104742"]
[BlackFideId "2804530"]
[WhiteElo "2075"]
[BlackElo "2150"]
[Result "0-1"]
[Round "07"]
[TimeControl "180+2"]
[Date "2023.01.10"]
[WhiteClock "0:00:06"]
[BlackClock "0:01:03"]

1. e4 g6 2. c4 Bg7 3. d4 Nc6 4. Be3 e5 5. d5 Nd4 6. Nf3 c5 7. dxc6 dxc6 8. Nc3 Be6 9. Be2 Ne7 10. O-O O-O 11. b3 Qa5 12. Rc1 Rad8 13. Qe1 h6 14. Kh1 Qc7 15. Rd1 Nc2 16. Rxd8 Nxe1 17. Rxf8+ Bxf8 18. Rxe1 Qa5 19. Na4 Bg4 20. Bd2 Qd8 21. Bc3 Bxf3 22. Bxf3 b5 23. Rd1 Qc7 24. Nb2 f5 25. Kg1 Nc8 26. Nd3 Bg7 27. Nc5 Qe7 28. Bb4 a5 0-1


[Site "https://www.chess.com"]

[Event "Titled Tuesday Blitz January 10 Early 2023"]
[White "Legenia, Artem"]
[Black "Schut, Han"]
[WhiteFideId "14136945"]
[BlackFideId "1005561"]
[WhiteElo "2092"]
[BlackElo "2101"]
[Result "1/2-1/2"]
[Round "07"]
[TimeControl "180+2"]
[Date "2023.01.10"]
[WhiteClock "0:01:11"]
[BlackClock "0:00:18"]

1. d4 Nf6 2. Nf3 g6 3. g3 Bg7 4. Bg2 O-O 5. O-O d5 6. Bf4 c5 7. Bxb8 Rxb8 8. c3 cxd4 9. cxd4 Ne4 10. Nc3 Bf5 11. Rc1 Nxc3 12. Rxc3 a6 13. e3 Be4 14. Qa4 Qb6 15. b4 Rfc8 16. Rfc1 Rxc3 17. Rxc3 Qd8 18. Rc5 Rc8 19. Nd2 Bxg2 20. Kxg2 e6 21. Qc2 Rb8 22. Rc7 Bf8 23. a3 Bd6 24. Rc3 Qe7 25. Nb3 Kg7 26. Rc8 Rxc8 27. Qxc8 e5 28. Nc5 exd4 29. exd4 Bxc5 30. Qxc5 Qe4+ 31. Kg1 Qb1+ 32. Kg2 Qe4+ 33. Kg1 Qb1+ 34. Kg2 Qe4+ 1/2-1/2


[Site "https://www.chess.com"]

[Event "Titled Tuesday Blitz January 10 Early 2023"]
[White "Bon, Michael"]
[Black "Player, Edmund C"]
[WhiteFideId "620696"]
[BlackFideId "406520"]
[WhiteElo "2394"]
[BlackElo "2204"]
[Result "1-0"]
[Round "07"]
[TimeControl "180+2"]
[Date "2023.01.10"]
[WhiteClock "0:00:57"]
[BlackClock "0:00:17"]

1. e4 e6 2. d4 d5 3. e5 Qd7 4. Nf3 b6 5. c4 dxc4 6. Bxc4 Ba6 7. Bxa6 Nxa6 8. Nc3 Ne7 9. O-O Nd5 10. Ne4 Be7 11. a3 c5 12. Qe2 Qb7 13. Bg5 O-O 14. Bxe7 Nxe7 15. Nd6 Qd5 16. Qxa6 cxd4 17. Rad1 Nc6 18. Qb5 Rad8 19. Qxd5 exd5 20. Rfe1 f6 21. Nb5 fxe5 22. Nxe5 Nxe5 23. Rxe5 Rc8 24. Nxd4 Rc4 25. Rxd5 Re8 26. Kf1 Re4 27. Nf3 Rc2 28. Rd8+ 1-0


[Site "https://www.chess.com"]